 Dungeon Crawl Stone Soup version 0.30-a0-12-gd8047c6341 (webtiles) character file.

Game seed: 8405112327534106942

63 drugrobin the Sneak (level 3, -1/30 HPs)
             Began as a Demigod Delver on Aug 23, 2022.
             Slain by a gnoll
             ... wielding a +0 spear
              (5 damage)
             ... on level 2 of the Dungeon.
             The game lasted 00:08:02 (2967 turns).

drugrobin the Sneak (Demigod Delver)                Turns: 2967, Time: 00:08:03

Health: -1/30      AC:  3    Str: 13    XL:     3   Next: 61%
Magic:  5/5        EV: 11    Int: 16    God:
Gold:   87         SH:  0    Dex: 15    Spells: 0/2 levels left

rFire   + . .      SeeInvis .    a - +0 short sword
rCold   . . .      Faith    .    (no shield)
rNeg    . . .      Spirit   .    b - +0 leather armour
rPois   .          Reflect  .    (no helmet)
rElec   .          Harm     .    (no cloak)
rCorr   .          Rampage  .    (no gloves)
Will    .....                    (no boots)
Stlth   +++.......               (no amulet)
HPRegen 0.10/turn                l - ring of protection from fire
MPRegen 0.09/turn                (no ring)

@: hasted, very quick
A: high MP 1, forlorn, divine attributes
a: no special abilities


You were on level 2 of the Dungeon.
You visited 1 branch of the dungeon, and saw 5 of its levels.

You collected 87 gold pieces.

Inventory:

Hand Weapons
 a - a +0 short sword (weapon)
Missiles
 i - 22 stones (quivered)
 j - 4 poisoned darts
Armour
 b - a +0 leather armour (worn)
Jewellery
 l - a ring of protection from fire (left hand)
 p - a ring of poison resistance
Scrolls
 c - a scroll of fog
 d - a scroll of magic mapping
 e - 2 scrolls of teleportation {unknown}
 g - 2 scrolls of blinking {unknown}
 m - a scroll of identify {unknown}
 o - a scroll of silence {unknown}
 q - a scroll of immolation {unknown}
Potions
 h - a potion of might {unknown}
 k - a potion of brilliance {unknown}
 n - 2 potions of cancellation {unknown}
 r - 2 potions of flight {unknown}


   Skills:
 - Level 2.6 Fighting
 + Level 3.6 Short Blades
 - Level 1.7 Dodging
 - Level 4.6 Stealth
 + Level 0.6 Hexes


You couldn't memorise any spells.
You knew the following spells:

 Your Spells              Type           Power      Damage    Failure   Level
a - Ensorcelled Hibernat  Hex/Ice        2%         N/A       38%         2

Your spell library contained the following spells:

 Spells                   Type           Power      Damage    Failure   Level
 Blink                    Tloc           0%         N/A       43%         2
 Passwall                 Tmut/Erth      0%         N/A       43%         2
 Inner Flame              Hex/Fire       1%         N/A       63%         3
 Swiftness                Air            0%         N/A       67%         3
 Cause Fear               Hex            1%         N/A       94%         4
 Manifold Assault         Tloc           0%         N/A       100%        5
 Storm Form               Tmut/Air       0%         N/A       100%        7
 Discord                  Hex            1%         N/A       100%        8


Dungeon Overview and Level Annotations

Branches:
Dungeon (5/15)
 Temple: D:4-7

Shops:
D:4 *


Innate Abilities, Weirdness & Mutations

You have an increased reservoir of magic. (+10% MP)
You shall have no god before yourself.
Your divine heritage dramatically boosts your attributes as you level up.


Message History

Unknown command.
Throw: 23 stones
Press: ? - help, Q - select action, (/) - cycle Shift-Dir - straight line, f - gnoll
Aim: a gnoll, wielding a +0 flail and quivering 2 throwing nets (wandering, hasn't noticed you, 63% to hit)
You throw a stone. The stone barely misses the gnoll.
The gnoll shouts!
You hear a shout!
Unknown command.
The gnoll throws a throwing net.
The throwing net hits you.
You become entangled in the net!
You see here a throwing net.
You struggle against the net.
You struggle against the net.
You struggle against the net.
You rip the net and break free!
The gnoll throws a throwing net.
The throwing net hits you.
You become entangled in the net!
A gnoll comes into view. It is wielding a +0 spear.
Unknown command.
You struggle against the net.
A gnoll comes into view. It is wielding a +0 whip.
A gnoll comes into view. It is wielding a +0 halberd.
You struggle against the net.
Unknown command.
You struggle against the net.
Unknown command.
You rip the net and break free!
Unknown command.
The gnoll shouts!
The gnoll hits you with a +0 flail! The gnoll attacks as you move away!
The gnoll barely misses you. The gnoll attacks as you move away!
The gnoll closely misses you. The gnoll attacks as you move away!
The gnoll barely misses you. The gnoll attacks as you move away!
The gnoll hits you with a +0 flail.
You open the door. The gnoll hits you with a +0 flail.
The gnoll attacks as you move away! The gnoll hits you with a +0 flail.
There is an open door here.
You feel yourself speed up. The gnoll hits you with a +0 flail.
* * * LOW HITPOINT WARNING * * *
The gnoll hits you from afar with a +0 spear.
You die...

...#####.# #...................
...# #..............#....
...#####+####...................
...............................
..###.#.....................#+##
.. #.#............g............
.. #.##'####.....g.............
.. #.##.# #....gg.............
.. #.##'#######@#########......
#####........# #.# ##....
.............# #.# ...
.....#.......# #.. ..
...<.#.......# #.. .
.....#.......# #...
.....#.......###..#
.....#............#
.....#.......####.#


You could see 4 gnolls.

Vanquished Creatures
  2 dart slugs
  A worm (D:1)
  An orc (D:4)
  6 bats
  5 endoplasms
  2 giant cockroaches
  4 goblins
  4 hobgoblins
  A quokka (D:1)
  8 ball pythons
  2 frilled lizards (D:1)
  9 kobolds
  6 rats
51 creatures vanquished.

Vanquished Creatures (others)
  A plant (D:3)
1 creature vanquished.

Grand Total: 52 creatures vanquished

Notes
Turn   | Place    | Note
-------+----------+-------------------------------------------
     0 | D:5      | drugrobin the Demigod Delver began the quest for the Orb.
     0 | D:5      | Reached XP level 1. HP: 18/18 MP: 3/3
    55 | D:4      | Found Gozag's Platinum Reserve.
   323 | D:4      | Noticed a hound
   384 | D:4      | Noticed an ogre
   865 | D:3      | Noticed an orc warrior
   865 | D:3      | Noticed an orc priest
   865 | D:3      | Noticed an orc wizard
   985 | D:2      | Reached XP level 2. HP: 19/25 MP: 4/4
  1656 | D:1      | Reached XP level 3. HP: 28/30 MP: 5/5
  2096 | D:1      | Learned a level 2 spell: Ensorcelled Hibernation
  2967 | D:2      | Slain by a gnoll

Illustrated notes

Levels and vault maps discovered:
D:1:      dpeg_arrival_line_fractal, layout_basic,
          nicolae_ecumenical_snake_handling, serial_park_tiny_1,
          kennysheep_pointless_box, minmay_tree_intersection,
          corexii_leaking_fountain
D:2:      layout_basic, grunt_ministairs_3
D:3:      kennysheep_big_flooded_room, layout_basic, mainiacjoe_overflow_paths,
          nicolae_ashenzari_panopticon, lightli_temple_of_fire,
          serial_bayou_ford_a, uniq_crazy_yiuf_cottage
D:4:      layout_basic, mainiacjoe_overflow_24_doors, lemuel_doored_altar,
          nicolae_gozag_zags_fifth_avenue, overflow_temple_1_default
D:5:      layout_loops_ring, serial_shops, shop

Skill      XL: |  1  2 |
---------------+-------+-----
Short Blades   | 2 3 |  3.6
Fighting       | |  2.6
Dodging        | |  1.7
Stealth        | |  4.6
Hexes          | |  0.6

Action                   || total
-------------------------++-------
Melee: Short sword       ||   210
       Punch             ||     2
Throw: Stone             ||     4
Evoke: Wand              ||     3
  Use: Scroll            ||     1
       Potion            ||     1
 Stab: Sleeping          ||     7
Armor: Leather armour    ||    71
Dodge: Dodged            ||   133

Table legend: (Time is in decaauts)
 A = Elapsed time spent in this place.
 B = Non-inter-level travel time spent in this place.
 C = Inter-level travel time spent in this place.
 D = Time resting spent in this place.
 E = Time spent auto-exploring this place.
 F = Levels seen in this place.
 G = Mean time per level.
                   A        B        C        D        E       F      G
               +--------+--------+--------+--------+--------+-----+--------+
         Total |   2959 |   2872 |     87 |    732 |   1101 |   5 |  591.8 |
       Dungeon |   2959 |   2872 |     87 |    732 |   1101 |   5 |  591.8 |
               +--------+--------+--------+--------+--------+-----+--------+

Top non-repeatable levels by time:
     D:1: 1678 daAuts
     D:4: 860 daAuts
     D:2: 307 daAuts
     D:3: 83 daAuts
     D:5: 30 daAuts
